 Dungeon Crawl Stone Soup version 0.31-a0-818-ge7c7cf74f0 (webtiles) character file.

Game seed: 9960590171561865704

75 Bnni the Vexing (level 4, -2/33 HPs)
             Began as a Formicid Hexslinger on Sept 23, 2023.
             Slain by a cerulean imp
             ... wielding a +2 spear
             ... summoned by Natasha
              (3 damage)
             ... on level 2 of the Dungeon.
             The game lasted 00:02:30 (1153 turns).

Bnni the Vexing (Formicid Hexslinger)               Turns: 1153, Time: 00:02:30

Health: -2/33      AC:  2    Str: 13    XL:     4   Next: 55%
Magic:  4/6        EV: 12    Int: 18    God:
Gold:   134        SH:  0    Dex: 18    Spells: 4/6 levels left

rFire   . . .        a - +1 sling
rCold   . . .        (no shield)
rNeg    . . .        c - +0 robe
rPois   .            (helmet unavailable)
rElec   .            (no cloak)
rCorr   .            (no gloves)
SInv    +            (no boots)
Will    .....        (no amulet)
Stlth   ++           j - +6 ring of intelligence
HPRegen 0.25/turn    l - ring of willpower
MPRegen 0.10/turn

%: no passive effects
@: weak-willed
A: permanent stasis, dig shafts and tunnels, antennae 3, four strong arms
a: Dig, Shaft Self


You were on level 2 of the Dungeon.
You visited 1 branch of the dungeon, and saw 2 of its levels.

You collected 134 gold pieces.

Inventory:

Hand Weapons
 a - a +1 sling (weapon)
Missiles
 e - 6 curare-tipped darts
 m - 5 poisoned darts
Armour
 c - a +0 robe (worn)
Jewellery
 j - a +6 ring of intelligence (left hand)
 l - a ring of willpower (right hand)
Scrolls
 b - 2 scrolls of poison
 d - a scroll of identify {unknown}
 f - a scroll of vulnerability {unknown}
 i - a scroll of butterflies {unknown}
 k - a scroll of enchant weapon {unknown}
Potions
 g - a potion of lignification {unknown}
 h - a potion of brilliance {unknown}


   Skills:
 + Level 1.8 Fighting
 * Level 2.9 Ranged Weapons
 - Level 1.7 Dodging
 + Level 1.5 Spellcasting
 * Level 4.3 Hexes
 * Level 2.1 Fire Magic


You had 4 spell levels left.
You knew the following spells:

 Your Spells              Type           Power      Damage    Failure   Level
a - Jinxbite              Hex            32%        N/A       4%          2

Your spell library contained the following spells:

 Spells                   Type           Power      Damage    Failure   Level
 Sigil of Binding         Hex            16%        N/A       10%         3
 Inner Flame              Hex/Fire       12%        N/A       16%         3
 Cause Fear               Hex            8%         N/A       32%         4
 Dimensional Bullseye     Hex/Tloc       4%         N/A       61%         4


Dungeon Overview and Level Annotations

Branches:
Dungeon (2/15)

Altars:

Annotations:
D:2 Natasha


Innate Abilities, Weirdness & Mutations

You cannot be hasted, slowed, berserked, paralysed or teleported.
You can dig through walls and to a lower floor.
You have a pair of large antennae on your head. (SInv)
Your four strong arms can wield two-handed weapons with a shield.


Message History

The sling bullet hits Natasha but does no damage.
Natasha is severely wounded.
A giggling sprite leaps out and smacks Natasha with her own front paw.
Natasha is almost dead.
Natasha closely misses you.
Fire: a) +1 sling
Press: ? - help, Shift-Dir - straight line, f/p - Natasha
Aim: Natasha (almost dead, heavily drained, chance to call a sprite on attack: 62%, 53% to hit)
You shoot a sling bullet.
The sling bullet closely misses Natasha.
The cerulean imp hits you from afar with a +2 spear.
Natasha closely misses you.
Unknown command.
Fire: a) +1 sling
Press: ? - help, Shift-Dir - straight line, f/p - Natasha
Aim: Natasha (almost dead, heavily drained, chance to call a sprite on attack: 62%, 53% to hit)
You shoot a sling bullet. The sling bullet barely misses Natasha.
A giggling sprite leaps out and smacks Natasha with her own front paw.
Natasha is almost dead.
The jinxing sprites lose interest in you.
The cerulean imp barely misses you. Natasha barely misses you.
Natasha claws you. The cerulean imp closely misses you.
Fire: a) +1 sling
Press: ? - help, Shift-Dir - straight line, f/p - Natasha
Aim: Natasha (almost dead, heavily drained, 53% to hit)
You shoot a sling bullet. The sling bullet barely misses Natasha.
Natasha claws you.
* * * LOW HITPOINT WARNING * * *
The cerulean imp closely misses you.
Unknown command.
Fire: a) +1 sling
Press: ? - help, Shift-Dir - straight line, f/p - Natasha
Aim: Natasha (almost dead, heavily drained, 53% to hit)
You shoot a sling bullet.
The sling bullet closely misses Natasha.
Natasha stares at you and mumbles some strange words.
The magic dart hits you!
* * * LOW HITPOINT WARNING * * *
The cerulean imp hits you from afar with a +2 spear.
You die...

{
#..#...########
##.............
.....#...#####..
.#..(##...# #
#.. #<..###..###
#.. #...........
## ##..###.####
##.....# #@....#
#h.......
..5......
.?##....#. ##.
...## ## ##...
.### #


You could see Natasha (very drained) and a cerulean imp (summoned).

Vanquished Creatures
  Natasha (D:2)
  3 dart slugs
  2 ball pythons
  3 endoplasms
  3 giant cockroaches
  3 hobgoblins
  5 jackals (D:1)
  5 quokkas
  5 bats (D:1)
  A frilled lizard (D:2)
  A goblin (D:2)
  6 kobolds (D:1)
  4 rats (D:1)
42 creatures vanquished.

Notes
Turn   | Place    | Note
-------+----------+-------------------------------------------
     0 | D:1      | Bnni the Formicid Hexslinger began the quest for the Orb.
     0 | D:1      | Reached XP level 1. HP: 15/15 MP: 2/2
   207 | D:1      | Reached XP level 2. HP: 21/21 MP: 3/3
   252 | D:1      | Reached skill level 4 in Hexes
   310 | D:1      | Learned a level 2 spell: Jinxbite
   335 | D:1      | Reached XP level 3. HP: 19/26 MP: 4/4
  1040 | D:2      | Reached XP level 4. HP: 33/33 MP: 6/6
  1088 | D:2      | Noticed Natasha
  1100 | D:2      | Killed Natasha
  1146 | D:2      | Noticed Natasha
  1153 | D:2      | HP: 1/33 [Natasha/magic dart (8)]
  1153 | D:2      | Slain by a cerulean imp

Illustrated notes

Levels and vault maps discovered:
D:1:      minmay_arrival_cross, layout_rooms, serial_corexii_hall,
          chequers_hall_statues_y, corexii_hall_statues_l, minmay_bisected
D:2:      minmay_diamond_boxcup, layout_rooms, serial_shops, shop, uniq_natasha

Skill      XL: |  1  2  3  4 |
---------------+-------------+-----
Hexes          | 4 |  4.3
Fire Magic     | 2 |  2.1
Fighting       | |  1.8
Ranged Weapons | |  2.9
Dodging        | |  1.7
Spellcasting   | |  1.5

Action                     |  1- 3 |  4- 6 || total
---------------------------+-------+-------++-------
   Fire: Sling             |   122 |    35 ||   157
   Cast: Jinxbite          |       |     2 ||     2
Ability: Dig               |     1 |       ||     1
 Armour: Robe              |    43 |    20 ||    63
  Dodge: Dodged            |    45 |    17 ||    62

Table legend: (Time is in decaauts)
 A = Elapsed time spent in this place.
 B = Non-inter-level travel time spent in this place.
 C = Inter-level travel time spent in this place.
 D = Time resting spent in this place.
 E = Time spent auto-exploring this place.
 F = Levels seen in this place.
 G = Mean time per level.
                   A        B        C        D        E       F      G
               +--------+--------+--------+--------+--------+-----+--------+
         Total |   1195 |   1147 |     48 |    230 |    617 |   2 |  597.5 |
       Dungeon |   1195 |   1147 |     48 |    230 |    617 |   2 |  597.5 |
               +--------+--------+--------+--------+--------+-----+--------+

Top non-repeatable levels by time:
     D:1: 908 daAuts
     D:2: 286 daAuts
